[Event "*** Titled Tuesday Blitz"]
[Site "Chess.com"]
[Date "2018.11.06"]
[Round "1"]
[White "Polish_fighter3000"]
[Black "volcanoexplorer"]
[Result "1-0"]
[WhiteElo "2993"]
[BlackElo "2472"]
[TimeControl "180+2"]
[EndTime "13:09:15 PST"]
[Termination "Polish_fighter3000 won by checkmate"]

1. e4 e5 2. Nf3 Nc6 3. Bc4 Bc5 4. d3 Nf6 5. O-O d6 6. c3 a6 7. a4 Ba7 8. h3 h6 9. Re1 g5 10. Nh2 g4 11. hxg4 Rg8 12. Qf3 Qe7 13. Be3 Nxg4 14. Bxa7 Nxa7 15. Nf1 Bd7 16. Nbd2 Rg6 17. Ng3 Be6 18.
Nf5 Qg5 19. Nf1 O-O-O 20. b4 Rdg8 21. b5 a5 22. b6 Nc6 23. bxc7 Kxc7 24. Rab1 Nf6 25.
N1e3 Nh5 26. Rb5 Nf4 27. g3 h5 28. Reb1 Nd8 29. Kf1 Nh3 30. Nd5+ Bxd5 31. Bxd5 Nf4 32. gxf4 exf4 33. Ke2 Qf6 34. Kd2 Rg2 35. Qxf4 R8g4 36.
Rxb7+ Nxb7 37. Rxb7+ Kd8 38. Qxd6+ Qxd6 39. Nxd6 Rxf2+ 40. Ke3 Rf6 41. Nxf7+ Kc8 42. Ne5 Rg3+ 43. Kd4 h4 44.
Rh7 h3 45. Kc5 Kd8 46. Rh8+ Kc7 47. c4 Rf2 48. Rh7+ Kb8 49. Nc6+ Kc8 50. Be6# 1-0

[Event "*** Titled Tuesday Blitz"]
[Site "Chess.com"]
[Date "2018.11.06"]
[Round "1"]
[White "PrascaR"]
[Black "mouseWLZ"]
[Result "1-0"]
[WhiteElo "2533"]
[BlackElo "2194"]
[TimeControl "180+2"]
[EndTime "13:09:17 PST"]
[Termination "PrascaR won by resignation"]

1. e4 e6 2. d4 d5 3. Nc3 Nf6 4.
e5 Nfd7 5. f4 c5 6. Nf3 Nc6 7. Be3 Be7 8. Qd2 O-O 9. g3 a6 10.
Bg2 Nb6 11. b3 cxd4 12. Nxd4 Bb4 13. a3 Be7 14. O-O Bd7 15. Nce2 Rc8 16. h3 Qc7 17. Kh2 f6 18. Nxc6 bxc6 19. Bd4 c5 20. exf6 gxf6 21.
Bb2 d4 22. Rae1 Rcd8 23. Ng1 Kh8 24. Nf3 Bc8 25. c3 c4 26. cxd4 cxb3 27. Nh4 Qd7 28. Qe2 Na4 29. Rb1 Nxb2 30. Rxb2 Qxd4 31. Rxb3 Qd2 32.
Qh5 Rg8 33. Rb8 Bd7 34. Rb7 Rg7 35. Nf3 Qd5 36. Ne5 Qxb7 37. Bxb7 fxe5 38. fxe5 Bb5 39. Rf2 Bc5 40. Rc2 Bb6 41. Bf3 Rdg8 42. Bg4 Bd3 43. Rd2 Bg6 44. Qh6 Re7 45. Qg5 Rge8 46. Qf6+ Kg8 47.
h4 Rf7 48. Bxe6 Be3 49. Bxf7+ Bxf7 50. Rd7 Rf8 51. e6 1-0

[Event "*** Titled Tuesday Blitz"]
[Site "Chess.com"]
[Date "2018.11.06"]
[Round "1"]
[White "tioloko"]
[Black "paladin_ll"]
[Result "1-0"]
[WhiteElo "2529"]
[BlackElo "2165"]
[TimeControl "180+2"]
[EndTime "13:09:19 PST"]
[Termination "tioloko won by resignation"]

1. Nf3 Nf6 2. g3 g6 3. Bg2 c5 4. O-O Bg7 5. c3 O-O 6. d4 cxd4 7. Nxd4 Nc6 8. Na3 d5 9. Nac2 Bg4 10. h3 Bd7 11. Nb3 e6 12. Nc5 b6 13. Nxd7 Qxd7 14. Nd4 Nxd4 15. Qxd4 Rac8 16. Bg5 Ne4 17. Qe3 Nxg5 18.
Qxg5 Qd8 19. Qd2 Qc7 20. Rfd1 b5 21. a3 a5 22. a4 b4 23. cxb4 axb4 24. Rdc1 Qa5 25.
Rxc8 Rxc8 26. e4 d4 27. Bf1 Rc5 28. Kg2 Qb6 29. Bb5 Qa5 30. Rc1 Rxc1 31. Qxc1 h5 32. Qc8+ Bf8 33. Qd7 Qb6 34. b3 Kg7 35. Bc4 Bc5 36.
Kf1 d3 37. Qxd3 Bxf2 38. a5 Qa7 39. a6 Bd4 40. Kg2 Qc5 41. Qf3 Qe5 42. h4 Ba7 43. Kh3 Qd4 44. Qg2 Qf2 45. Qxf2 Bxf2 46. Kg2 Ba7 47. Kf3 Kf6 48. Kf4 e5+ 49. Kf3 Ke7 50. g4 hxg4+ 51. Kxg4 f6 52. Bb5 Ke6 53. Be8 f5+ 54. Kg5 fxe4 55. Bxg6 e3 56. Bd3 e4 57.
Be2 Kd6 58. h5 Kc7 59. h6 Kb6 60. h7 1-0

[Event "*** Titled Tuesday Blitz"]
[Site "Chess.com"]
[Date "2018.11.06"]
[Round "1"]
[White "albi1999"]
[Black "Alexander_Moskalenko"]
[Result "0-1"]
[WhiteElo "2442"]
[BlackElo "2872"]
[TimeControl "180+2"]
[EndTime "13:09:22 PST"]
[Termination "Alexander_Moskalenko won by resignation"]

1. d4 Nf6 2. c4 g6 3. g3 Bg7 4. Bg2 c6 5. Nc3 d6 6. Nf3 O-O 7. O-O Qa5 8. e4 Bg4 9. h3 Bxf3 10. Bxf3 Nfd7 11. Be3 Qb4 12. Qb3 Qxb3 13. axb3 Na6 14. Rfd1 Nb4 15. Rd2 Rfd8 16. Be2 c5 17. d5 a6 18. f4 Nf8 19. Kf2 e6 20. Rad1 exd5 21. Nxd5 Nxd5 22. Rxd5 Bxb2 23. Rxd6 Bd4 24. Rxd8 Rxd8 25.
Bxd4 cxd4 26. c5 a5 27. Bc4 Kg7 28. Ke2 f6 29. Ra1 Ra8 30. Kd3 Nd7 31. Kxd4 Rd8 32.
Bd5 b6 33. c6 Nc5 34. Kc4 Kf8 35. Kb5 Ke7 36. Kxb6 Kd6 37. c7 Nd7+ 38. Kb7 Nc5+ 39. Ka7 Kxc7 40. Rxa5 Kd6 41. b4 Rd7+ 42. Kb6 Nd3 43.
Kb5 Ke7 44. Kc4 Nb2+ 45. Kc3 Nd1+ 46. Kd4 f5 47. e5 Nf2 48. h4 Ne4 49. b5 Nxg3 50.
b6 Ne2+ 51. Ke3 Nc3 52. b7 Nxd5+ 53. Rxd5 Rxb7 54. Rc5 Ra7 55. Kd4 Rd7+ 56. Kc4 Rd1 57. Rc7+ Ke6 58. Rxh7 Rf1 59. h5 Rxf4+ 60. Kd3 g5 61. Rg7 g4 62. h6 Kxe5 63. h7 Rf3+ 64. Ke2 Rh3 65. Ra7 Kf4 66. Kf2 Kg5 67. Kg2 Kg6 68. Ra6+ Kxh7 69. Rf6 Rh5 70. Kg3 Kg7 71. Rc6 Rh6 72. Rc8 Rh3+ 73. Kf4 Rf3+ 74. Kg5 g3 75.
Rc7+ Kf8 76. Kf6 Ke8 77. Rg7 f4 78. Kf5 Rf2 79. Ke4 g2 80. Kd3 f3 81. Ke3 Rf1 0-1

[Event "*** Titled Tuesday Blitz"]
[Site "Chess.com"]
[Date "2018.11.06"]
[Round "1"]
[White "KenanGarayev"]
[Black "Pilopa"]
[Result "1-0"]
[WhiteElo "2736"]
[BlackElo "2370"]
[TimeControl "180+2"]
[EndTime "13:09:23 PST"]
[Termination "KenanGarayev won by resignation"]

1. d4 Nf6 2. c4 g6 3. Nc3 d5 4. cxd5 Nxd5 5. e4 Nxc3 6. bxc3 Bg7 7. Bc4 c5 8. Ne2 Nc6 9. Be3 O-O 10. Rc1 cxd4 11. cxd4 Qa5+ 12. Kf1 Qa3 13. Rc3 Qa5 14. h4 Rd8 15. h5 Nxd4 16. Bxd4 Rxd4 17. Bxf7+ Kf8 18.
Qc2 Bg4 19. Nxd4 Bxd4 20. Rc7 Kxf7 21. Qc4+ Be6 22. hxg6+ hxg6 23. Rh7+ Bg7 24. Rxg7+ Kxg7 25. Rxe7+ Kh6 26. Qxe6 Qh5 27. Kg1 Rd8 28. Qh3 Qxh3 29. gxh3 Rd1+ 30. Kg2 Rd2 31. Rxb7 Rxa2 32. Kg3 Re2 33. f3 Ra2 34. Kg4 Ra5 35. Kf4 Ra6 36. h4 Ra5 37. e5 Ra4+ 38. Ke3 Ra6 39. Ke4 Ra4+ 40. Kd5 Rxh4 41. e6 Rh1 42. e7 Re1 43.
Kd6 Kg5 44. Rb8 Rd1+ 45. Ke6 Re1+ 46. Kf7 Kf4 47. Kxg6 Rxe7 48. Rf8+ Ke3 49. f4 Rb7 50. f5 a5 51. Ra8 Rb5 52. f6 Rb1 53. Rxa5 Rf1 54.
f7 Rg1+ 55. Rg5 1-0

[Event "*** Titled Tuesday Blitz"]
[Site "Chess.com"]
[Date "2018.11.06"]
[Round "1"]
[White "Annawel"]
[Black "vovachesss"]
[Result "1-0"]
[WhiteElo "2904"]
[BlackElo "2452"]
[TimeControl "180+2"]
[EndTime "13:09:24 PST"]
[Termination "Annawel won by resignation"]

1. e4 e5 2. Nf3 d5 3. Qe2 Nc6 4. exd5 Qxd5 5. Nc3 Qe6 6. d3 Nf6 7. g3 Bb4 8. Bd2 Nd4 9. Nxd4 exd4 10. Nb5 Bxd2+ 11.
Kxd2 Qxe2+ 12. Bxe2 Kd8 13. Nxd4 c6 14. f4 Bd7 15.
Bf3 Kc7 16. Rhe1 Rae8 17. b4 Bg4 18. Bxg4 Nxg4 19. h3 Nf6 20. c4 Nh5 21. Rg1 Rd8 22.
Nf3 Rhe8 23. Ng5 f6 24. Nf3 g6 25. Rae1 Rxe1 26. Nxe1 b5 27. c5 a5 28. a3 axb4 29.
axb4 Ra8 30. Nc2 Re8 31. Ne3 Ra8 32. f5 Ra2+ 33. Kc3 Re2 34. fxg6 hxg6 35. Kd4 Ng7 36.
Ng4 Ne6+ 37. Kc3 f5 38. Nf6 Re3 39. Kd2 Re5 40. Ra1 Nd4 41. Ra7+ Kb8 42. Nd7+ Kxa7 43.
Nxe5 g5 44. h4 f4 45. gxf4 gxh4 46. Ke3 Nc2+ 47. Kf3 Nxb4 48. f5 Nd5 49. Nxc6+ Kb7 50. Nd4 b4 51. Kg4 Ne3+ 52. Kf3 Nxf5 53. Nxf5 b3 54.
Nd6+ Kc6 55. Ne4 b2 56. Nc3 Kxc5 57. Na4+ Kd4 58. Nxb2 Kc3 59. Kg4 Kxb2 60. d4 h3 61.
Kxh3 1-0

[Event "*** Titled Tuesday Blitz"]
[Site "Chess.com"]
[Date "2018.11.06"]
[Round "1"]
[White "Assasin14"]
[Black "Maikrosoft63"]
[Result "0-1"]
[WhiteElo "2196"]
[BlackElo "2541"]
[TimeControl "180+2"]
[EndTime "13:09:27 PST"]
[Termination "Maikrosoft63 won by checkmate"]

1. e4 c5 2. Nf3 Nc6 3. Bb5 Qb6 4. Bxc6 Qxc6 5. O-O d6 6. d4 Bg4 7. d5 Qd7 8. h3 Bxf3 9. Qxf3 g6 10. Nc3 Bg7 11.
Bf4 Nf6 12. Rad1 O-O 13. Rfe1 b5 14. e5 dxe5 15. Bxe5 b4 16. Ne4 Nxe4 17. Qxe4 Bxe5 18. Qxe5 Rfe8 19. Re4 Qa4 20. Rc4 Rac8 21. a3 Qa6 22. b3 bxa3 23. Ra4 Qb6 24. Ra1 e6 25. d6 Red8 26. Rd1 Rc6 27. d7 Rc7 28. Ra6 Qb7 29. Rxa3 Rcxd7 30. Rxd7 Rxd7 31. Qxc5 Rd1+ 32. Kh2 Qb8+ 33. g3 Qb7 34. g4 Qh1+ 35. Kg3 Rg1+ 36. Kh4 Qf3 37. Qe3 Qf6+ 38. g5 Qf5 39. Rxa7 h6 40.
Ra8+ Kh7 41. f4 hxg5+ 42. fxg5 Rf1 43. Ra4 e5 44. Re4 Rf3 45. Rxe5 Qxh3# 0-1

[Event "*** Titled Tuesday Blitz"]
[Site "Chess.com"]
[Date "2018.11.06"]
[Round "1"]
[White "RegZryt"]
[Black "OscarAng"]
[Result "1/2-1/2"]
[WhiteElo "2483"]
[BlackElo "2047"]
[TimeControl "180+2"]
[EndTime "13:09:28 PST"]
[Termination "Game drawn by agreement"]

1. d4 d5 2. c4 e6 3. Nf3 Nf6 4. e3 b6 5. Nc3 Bb7 6. cxd5 Nxd5 7. Bd3 Be7 8. O-O O-O 9. e4 Nxc3 10. bxc3 c5 11.
Be3 cxd4 12. cxd4 Nc6 13. Rc1 Rc8 14. Bb1 h6 15. Qd3 Nb4 16. Qb3 Qd7 17. a3 Nc6 18. d5 Na5 19. Qd3 exd5 20. exd5 f5 21. Rxc8 Rxc8 22. Rd1 Nc4 23. Qxf5 Qxf5 24. Bxf5 Rd8 25.
a4 Kf8 26. Be6 Nxe3 27. fxe3 Bc5 28. Kf2 Ke7 29. Nd4 Bxd4 30. Rxd4 Rf8+ 31. Kg3 Bc8 32. Bxc8 Rxc8 33. e4 Kd6 34. a5 b5 35. a6 Ke5 36.
Rb4 Rb8 37. Kg4 Rb6 38. h4 g6 39. Kf3 Rf6+ 40. Ke3 Rxa6 41. Rxb5 Ra3+ 42. Kf2 Kxe4 43. Rc5 Ra2+ 44. Kg3 Ra6 45. Rc6 Ra3+ 46. Kh2 Kf5 47.
d6 Rd3 48. Ra6 h5 49. Kg1 Kg4 50. Kf2 Kxh4 51. Ke2 Rd5 52. Ke3 Kg5 53. Ke4 Rd2 54. Ra5+ Kf6 55. Rd5 Re2+ 56. Kd4 Ke6 57. Rg5 Kxd6 58.
Rxg6+ Kc7 59. Kc5 Rc2+ 60. Kb5 h4 61. Rg4 Kb7 62. Rg7+ Kc8 63. Ka6 Ra2+ 64. Kb5 a5 65.
Kc6 Rc2+ 66. Kb5 Ra2 67. Rg4 a4 68. Rxh4 Rxg2 69. Rxa4 Rg5+ 1/2-1/2

[Event "*** Titled Tuesday Blitz"]
[Site "Chess.com"]
[Date "2018.11.06"]
[Round "1"]
[White "Barcelona_Guy"]
[Black "SimonKnightRivendell"]
[Result "1/2-1/2"]
[WhiteElo "2473"]
[BlackElo "1958"]
[TimeControl "180+2"]
[EndTime "13:09:35 PST"]
[Termination "Game drawn by repetition"]

1. d4 d5 2. c4 e5 3. dxe5 d4 4. Nf3 Nc6 5. a3 Bg4 6. Nbd2 Nge7 7. b4 Ng6 8. h3 Be6 9. Bb2 Ngxe5 10. Nxe5 Nxe5 11.
e3 dxe3 12. Bxe5 exd2+ 13. Qxd2 Qxd2+ 14. Kxd2 O-O-O+ 15. Kc3 f6 16. Bd4 Bd6 17. Be2 Rhe8 18. Bf3 Kb8 19. Rhe1 Bf5 20. c5 Be5 21. Bxe5 Rd3+ 22.
Kc4 fxe5 23. Rad1 Rxa3 24. Bg4 Bc2 25. Ra1 Bd3+ 26. Kd5 Rb3 27. Be6 Rxb4 28. Kxe5 Bc4 29. Kf5 g6+ 30. Kf6 Bxe6 31. Rxe6 Rf4+ 32. Ke5 Rxe6+ 33.
Kxe6 Rxf2 34. Rd1 a6 35. g4 Rf3 36. h4 Rf4 37. Rd7 h5 38. g5 Rxh4 39. Kf6 Rc4 40. Rd5 a5 41. Kxg6 a4 42. Kf7 a3 43. g6 a2 44. Rd1 Rf4+ 45. Kg8 Rg4 46. g7 h4 47. Kh7 h3 48. g8=Q+ Rxg8 49. Kxg8 b5 50. cxb6 cxb6 51. Kf7 b5 52. Ke6 b4 53. Kd5 b3 54.
Kc6 b2 55. Rd8+ Ka7 56. Rd7+ Ka6 57. Rd8 Ka5 58. Kc5 Ka6 59. Kc6 Ka7 60. Rd7+ Ka6 61. Rd8 1/2-1/2

[Event "*** Titled Tuesday Blitz"]
[Site "Chess.com"]
[Date "2018.11.06"]
[Round "1"]
[White "FranciscodelaF"]
[Black "SaraciNderim"]
[Result "1-0"]
[WhiteElo "2327"]
[BlackElo "2657"]
[TimeControl "180+2"]
[EndTime "13:09:37 PST"]
[Termination "FranciscodelaF won by resignation"]

1. d4 Nf6 2. c4 g6 3. Nf3 Bg7 4. g3 O-O 5. Bg2 d6 6. O-O c6 7. Nc3 Nbd7 8. e4 e5 9. h3 Re8 10. Re1 a5 11. Be3 exd4 12. Nxd4 Nc5 13. Qc2 Qc7 14.
Rad1 h5 15. Ndb5 cxb5 16. Nxb5 Qb8 17. Nxd6 Ncd7 18. Nxe8 Nxe8 19. f4 Qc7 20. e5 Nf8 21. b3 Bf5 22. Qf2 Ne6 23. Kh2 a4 24. Bb6 Qc8 25. c5 axb3 26. axb3 N8c7 27. b4 Nb5 28. Rd2 Ra4 29. Qf3 Rxb4 30. Qxb7 Qxb7 31. Bxb7 Nbd4 32. Re3 Nc2 33. Rc3 Ncd4 34. Bd5 h4 35. Bxe6 Bxe6 36. c6 Rxb6 37. Rxd4 Rb2+ 38. Kh1 Rb1+ 39.
Kg2 Rb2+ 40. Kf3 hxg3 41. Kxg3 g5 42. c7 gxf4+ 43. Kxf4 Bh6+ 44. Ke4 Re2+ 45. Kd3 Rd2+ 46. Ke4 Re2+ 47. Kf3 Rxe5 48. c8=Q+ Bxc8 49. Rxc8+ Kg7 50. Rg4+ Kh7 51. Rc6 Rf5+ 52. Kg2 Rh5 53. Rf6 Bg5 54. Rxf7+ Kg6 55. Ra7 Kh6 56. Ra6+ Kh7 57. Ra5 Kh6 58. Rc4 Bf6 59. Ra6 Rg5+ 60. Kf3 Rf5+ 61. Kg4 Rg5+ 62. Kf4 Rg6 63. Rcc6 Bg5+ 64. Kg4 Rxc6 65. Rxc6+ 1-0

[Event "*** Titled Tuesday Blitz"]
[Site "Chess.com"]
[Date "2018.11.06"]
[Round "1"]
[White "Samuray111"]
[Black "andrzej"]
[Result "1-0"]
[WhiteElo "2601"]
[BlackElo "2228"]
[TimeControl "180+2"]
[EndTime "13:09:38 PST"]
[Termination "Samuray111 won by resignation"]

1. Nf3 Nf6 2. d4 b6 3. Bf4 Nh5 4. Bg5 h6 5. Bc1 Bb7 6. Nbd2 Nf6 7. g3 c5 8. c3 e6 9. Bg2 Be7 10.
O-O O-O 11. Re1 d5 12. b3 Nc6 13. Bb2 Rc8 14. e3 Qc7 15. Rc1 Rfd8 16. Qe2 Qb8 17.
Red1 cxd4 18. exd4 Bd6 19. Re1 Ne7 20. Ne5 Nf5 21.
Nxf7 Re8 22. Nxd6 Qxd6 23. Nf3 Ne4 24. Ne5 Rcd8 25. f3 Nf6 26. Rcd1 Qc7 27. Qd3 Qc8 28.
Bf1 a6 29. Rd2 b5 30. Rde2 Qc7 31. Bh3 Nd6 32. Ng6 Bc8 33. Nf4 Qf7 34. Bxe6 Bxe6 35. Nxe6 Rc8 36. Ba3 Nb7 37. Nf4 Rcd8 38. Ng6 Ne4 39.
Ne5 Rxe5 40. dxe5 Ng5 41. Rf1 Re8 42. h4 Ne6 43. f4 Rd8 44. Rd1 Nec5 45. Bxc5 Nxc5 46.
Qf3 Qg6 47. Kg2 Ne6 48. f5 Qf7 49. fxe6 Qxe6 50. g4 Re8 51. Qf5 Qb6 52. Rd4 a5 53. e6 a4 54. Qf7+ Kh7 55. Qxe8 1-0

[Event "*** Titled Tuesday Blitz"]
[Site "Chess.com"]
[Date "2018.11.06"]
[Round "1"]
[White "nubair1198"]
[Black "BvsN"]
[Result "0-1"]
[WhiteElo "2528"]
[BlackElo "2220"]
[TimeControl "180+2"]
[EndTime "13:09:38 PST"]
[Termination "BvsN won by resignation"]

1. d4 d5 2. c4 c6 3. Nf3 Nf6 4.
Nc3 e6 5. Bg5 Be7 6. e3 O-O 7.
Qc2 Nbd7 8. Rd1 h6 9. Bh4 b6 10.
a3 Bb7 11. Bd3 Rc8 12. O-O c5 13. cxd5 Nxd5 14. Bxe7 Qxe7 15. Bh7+ Kh8 16. Be4 Nxc3 17. Bxb7 Nxd1 18. Bxc8 Nxe3 19. fxe3 Rxc8 20. h3 Qd6 21.
Rd1 Nf6 22. b4 c4 23. e4 Qe7 24. Ne5 b5 25. a4 a6 26. axb5 axb5 27. Ra1 Qxb4 28. Nxf7+ Kg8 29. Ra7 Qe1+ 30. Kh2 Qxe4 31. Qf2 Rf8 32. Nxh6+ gxh6 33. Qg3+ Ng4+ 34. hxg4 Qf4 35.
Rb7 Qxg3+ 36. Kxg3 Rd8 37. Rxb5 Rxd4 38. Rb7 Rd3+ 39.
Kf4 c3 40. Rc7 Rd2 41. g3 c2 42. Ke5 Rg2 43. Kxe6 Rxg3 44. Kf5 Rg2 45. Kf4 Kf8 46. Kf5 Ke8 47. Kg6 Rxg4+ 48. Kxh6 Rg2 49. Kh5 Kd8 50.
Rc3 Kd7 51. Kh4 Kd6 52. Kh3 Rd2 53. Rc8 Ke5 54. Kg3 Ke4 55. Rc7 Ke3 56. Rc8 Ke2 57. Kf4 Kd1 58. Rh8 c1=Q 59. Rh1+ Kc2 60. Rxc1+ Kxc1 61. Ke3 Kc2 62. Ke4 Rd3 63. Ke5 Kc3 64. Kf4 Kd4 65. Kf5 Re3 66. Kg4 Ke5 67. Kg5 Rg3+ 68. Kh4 Kf4 69. Kh5 Rg4 70. Kh6 Rg5 71. Kh7 Kf5 72.
Kh8 Rg6 73. Kh7 Kf6 74. Kh8 Kf7 75. Kh7 Rf6 0-1

[Event "*** Titled Tuesday Blitz"]
[Site "Chess.com"]
[Date "2018.11.06"]
[Round "1"]
[White "Denis_Makhnyov"]
[Black "woodhy"]
[Result "0-1"]
[WhiteElo "2789"]
[BlackElo "2442"]
[TimeControl "180+2"]
[EndTime "13:09:40 PST"]
[Termination "woodhy won by checkmate"]

1. d4 d6 2. Nf3 Nd7 3. e4 Ngf6 4. Nc3 g6 5. Bc4 Bg7 6. O-O O-O 7. Re1 e5 8. a4 exd4 9. Nxd4 Nc5 10. Bg5 h6 11.
Bh4 Re8 12. f3 Ne6 13. Nb3 g5 14. Bf2 Nf4 15. Qd2 Be6 16. Bf1 Bxb3 17. cxb3 a6 18. Rad1 Qe7 19. b4 Rad8 20. g3 Ng6 21. b5 axb5 22.
Nxb5 Ra8 23. b3 Ne5 24. Bg2 Nc6 25. Nc3 Na5 26. Qc2 b6 27. Nb5 Rac8 28. Nd4 Qd7 29. b4 c5 30. Nf5 cxb4 31. Qb2 Qxa4 32. Nxg7 Kxg7 33. Rxd6 Re6 34. Rxe6 fxe6 35. Bd4 Rf8 36. Rc1 Nc6 37. Bxb6 Qb5 38. Bf2 e5 39. Rc5 Qb7 40. Bf1 Rd8 41. Kg2 g4 42. fxg4 Nxe4 43.
Rb5 Qf7 44. Be3 Rd2+ 45. Bxd2 Qf2+ 46. Kh3 Qxf1+ 47. Kh4 Qxb5 48. Be3 Qd5 49. Qa1 Qe6 50. Qa6 Nf6 51. h3 Ne7 52. Qb7 Qf7 53. Bxh6+ Kxh6 54. g5+ Kg6 55. g4 Qh7+ 56. Kg3 Kxg5 57. Qxb4 Qd3+ 58.
Kg2 Ned5 59. h4+ Kxh4 60. Qe1+ Kxg4 61. Qxe5 Nf4+ 62. Kf2 Qf3+ 63. Ke1 Nd3+ 64. Kd2 Nxe5 65. Kc2 Qd3+ 66. Kb2 Qc4 67. Ka1 Qb5 68. Ka2 Nc4 69. Ka1 Qb2# 0-1

[Event "*** Titled Tuesday Blitz"]
[Site "Chess.com"]
[Date "2018.11.06"]
[Round "1"]
[White "GrigorGrigorov"]
[Black "ajkom197"]
[Result "1/2-1/2"]
[WhiteElo "2673"]
[BlackElo "2329"]
[TimeControl "180+2"]
[EndTime "13:09:42 PST"]
[Termination "Game drawn by agreement"]

1. d4 e6 2. Nf3 Nf6 3. c4 d5 4. g3 Be7 5. Bg2 O-O 6. O-O b6 7. Qc2 Bb7 8. Rd1 dxc4 9. Qxc4 Nbd7 10. Nc3 Nd5 11. Qb3 Nxc3 12. bxc3 c5 13. Bf4 cxd4 14. cxd4 Nf6 15. Ne5 Bxg2 16. Kxg2 Qd5+ 17. Qxd5 Nxd5 18. Nc6 Nxf4+ 19. gxf4 Bd6 20. Kf3 Rfc8 21. Rac1 Kf8 22. e4 Rc7 23. Rd3 Rac8 24. Rdc3 Ke8 25. d5 b5 26. e5 Bb4 27. Rb3 exd5 28. Rxb4 Rxc6 29.
Rxc6 Rxc6 30. Rxb5 Ra6 31. Rb7 Rxa2 32. f5 Ra4 33.
Kg3 d4 34. e6 fxe6 35. fxe6 d3 36. Rd7 Re4 37. Rxd3 Rxe6 38. Ra3 a6 39. Rb3 Kf7 40. h4 h5 41. Kf4 Kf6 42. Rb7 Rc6 43. Ra7 Rc4+ 44.
Kg3 Ra4 45. f3 g6 46. Kh3 Ra1 47. Kg3 Ke6 48. Kf4 Kf6 49. Ra8 a5 50. Ra6+ Kg7 51.
Kg5 Rg1+ 52. Kf4 Rh1 53. Kg5 Rg1+ 54. Kf4 Ra1 55. Kg5 Rg1+ 56. Kf4 Kh6 57. Rxa5 Rg2 58. Ra8 Rg1 59. Ra7 Rh1 60. Kg3 Rg1+ 61. Kh2 Rc1 62. Kg2 1/2-1/2

[Event "*** Titled Tuesday Blitz"]
[Site "Chess.com"]
[Date "2018.11.06"]
[Round "1"]
[White "Sanan_Sjugirov"]
[Black "RichardLeyvaP"]
[Result "1-0"]
[WhiteElo "2878"]
[BlackElo "2449"]
[TimeControl "180+2"]
[EndTime "13:09:44 PST"]
[Termination "Sanan_Sjugirov won by resignation"]

1. e4 e5 2. Nf3 Nc6 3. Bb5 a6 4.
Ba4 Nf6 5. O-O Be7 6. Bxc6 dxc6 7. d3 Nd7 8. b3 c5 9. Bb2 Bd6 10. Nbd2 f6 11. Nh4 O-O 12. Nf5 Nb8 13. Qg4 g6 14. Qg3 Nc6 15. Nc4 Kh8 16. Nfxd6 cxd6 17. f4 b5 18. Ne3 Be6 19. Rf2 Nd4 20. Raf1 Qe7 21.
Qh4 g5 22. fxg5 fxg5 23. Qh6 Rxf2 24. Rxf2 Qg7 25. Qh5 Kg8 26. c3 Nc6 27. Bc1 Rf8 28.
Rxf8+ Kxf8 29. Nf5 Bxf5 30. exf5 Ne7 31. g4 h6 32. h4 e4 33. hxg5 Qxc3 34. Qxh6+ Ke8 35.
g6 Qxd3 36. g7 Qd1+ 37. Kf2 Qf3+ 38. Ke1 Qxg4 39. f6 Qg3+ 40. Kd1 Qd3+ 41. Bd2 Qb1+ 42. Ke2 Qd3+ 43. Ke1 Qg3+ 44. Kd1 Ng8 45. Qh5+ Kd7 46. Qf7+ Kc6 47. Qxg8 e3 48. Qc8+ Kb6 49. Qd8+ Kc6 50. Qc8+ Kb6 51. Qb8+ Kc6 52. Qe8+ Kb6 53. Qxe3 Qg4+ 54.
Kc1 1-0

[Event "*** Titled Tuesday Blitz"]
[Site "Chess.com"]
[Date "2018.11.06"]
[Round "1"]
[White "savinspm"]
[Black "murmah2003"]
[Result "0-1"]
[WhiteElo "2086"]
[BlackElo "2510"]
[TimeControl "180+2"]
[EndTime "13:09:47 PST"]
[Termination "murmah2003 won by checkmate"]

1. e4 c5 2. Nc3 d6 3. g3 Nc6 4.
Bg2 g6 5. d3 Bg7 6. Be3 e6 7. Qd2 Nd4 8. Nf3 Rb8 9. Nd1 b5 10.
c3 Nxf3+ 11. Bxf3 b4 12. c4 Qb6 13. O-O Ne7 14. Rb1 Nc6 15. b3 Bd7 16. Bg2 Nd4 17.
Re1 a5 18. f4 O-O 19. Bf2 Bc6 20. Ne3 a4 21. Nc2 axb3 22. axb3 Nxc2 23. Qxc2 Bc3 24.
Re2 Ra8 25. Be1 Bd4+ 26. Bf2 Bc3 27. Be1 Bd4+ 28. Bf2 Ra3 29. Bxd4 cxd4 30. e5 Bxg2 31. Kxg2 Rfa8 32. exd6 Qxd6 33. Qd2 Qc6+ 34. Kf2 Qb6 35.
Qc1 Qb7 36. Qb2 Qd7 37. Qd2 Qd6 38. Re5 R8a5 39. Rxa5 Rxa5 40. Qe2 Qc5 41. Rb2 Qf5 42. Rb1 h5 43. Kg1 h4 44. Qf3 Ra2 45. g4 Qa5 46.
Qe4 Rd2 47. Qxd4 Qa2 48. Qd8+ Kg7 49. Qd4+ Kh7 50. Re1 Rg2+ 51. Kf1 Rxh2 52. Rxe6 Qg2+ 53. Ke1 Qh1+ 54. Qg1 Qxg1# 0-1

[Event "*** Titled Tuesday Blitz"]
[Site "Chess.com"]
[Date "2018.11.06"]
[Round "1"]
[White "maciek_92"]
[Black "twitchTriniCupid"]
[Result "1-0"]
[WhiteElo "2605"]
[BlackElo "2248"]
[TimeControl "180+2"]
[EndTime "13:09:51 PST"]
[Termination "maciek_92 won by resignation"]

1. c4 e5 2. Nc3 Nf6 3. g3 Nc6 4. Bg2 a6 5. e3 Bb4 6. Nge2 O-O 7. O-O Re8 8. d4 Bf8 9. d5 Nb8 10. e4 d6 11. h3 h6 12. Kh2 b5 13. cxb5 axb5 14.
Nxb5 Ba6 15. Nbc3 Nbd7 16. b4 Bc4 17. a4 Nb6 18. a5 Nc8 19. Be3 Na7 20. Qa4 Qb8 21.
Bxa7 Qxa7 22. b5 Bd3 23. Qd1 Bc4 24. Ra4 Qc5 25. Qb1 Reb8 26. Qb4 Qxb4 27. Rxb4 Bxe2 28. Nxe2 Rxa5 29. Nc3 Ra3 30. Rc4 Rb7 31. f4 Nd7 32. Rc1 Nc5 33. fxe5 Nd3 34. exd6 Nxc1 35. dxc7 Rxc7 36.
Rxc7 Rb3 37. e5 Nd3 38. d6 Nxe5 39. d7 Nxd7 40. Rxd7 Rxc3 41. Bd5 Rc2+ 42. Kh1 Bc5 43. Rxf7 Kh7 44. Be4+ Kg8 45. Rc7 Rc1+ 46. Kg2 Kf8 47. b6 Rg1+ 48. Kh2 Rc1 49. b7 Bg1+ 50. Kg2 1-0

[Event "*** Titled Tuesday Blitz"]
[Site "Chess.com"]
[Date "2018.11.06"]
[Round "1"]
[White "Alex_Banzea"]
[Black "mikhaillushenkov"]
[Result "0-1"]
[WhiteElo "2307"]
[BlackElo "2658"]
[TimeControl "180+2"]
[EndTime "13:09:57 PST"]
[Termination "mikhaillushenkov won by resignation"]

1. e4 e6 2. d4 d5 3. Nc3 Bb4 4. e5 c5 5. a3 Bxc3+ 6. bxc3 Qa5 7. Bd2 Qa4 8. Qb1 c4 9. h4 Ne7 10. h5 h6 11. f4 Nf5 12. Kf2 Nd7 13. Nf3 Nb6 14.
g4 Ne7 15. Bh3 Bd7 16. Rf1 Qb5 17. Qb4 Qxb4 18. axb4 Ba4 19. Ra2 a6 20. f5 Kd7 21.
Be3 Raf8 22. f6 gxf6 23. exf6 Nc6 24. Ne5+ Kc7 25. Kg3 Bb5 26. Bf4 Nxe5 27. dxe5 d4 28. cxd4 Nd5 29. Re1 Nxb4 30. Rb2 Nd5 31. Bc1 Bc6 32.
Bg2 b5 33. Bxd5 Bxd5 34. Bd2 Rfg8 35. Ra1 Ra8 36. Ra5 Bb7 37. Rb1 Kc6 38. Kf4 Kd5 39.
c3 Rag8 40. Rba1 Ra8 41. Bc1 Kc6 42. Kg3 Kb6 43. Be3 Bd5 44. Bc1 Be4 45. Ba3 Bc2 46. Bc5+ Kb7 47. R5a2 Bb3 48. Rd2 a5 49. d5 exd5 50.
e6 fxe6 51. f7 a4 52. Ba3 Kc6 53. Rf2 Raf8 54. Kh4 d4 55. cxd4 c3 56. g5 hxg5+ 57. Kxg5 e5 58. Bxf8 Rxf8 59. dxe5 Bxf7 60. Rf6+ Kc5 61.
e6 Rg8+ 62. Kf5 Bxh5 63. e7 Re8 64. Ke6 Kc4 65. Rh1 Be2 66. Rf8 Rxe7+ 67. Kxe7 a3 68. Rc8+ Kb3 69. Re1 Bc4 70. Kd6 a2 71. Kc5 Bd3 72.
Kd4 Bb1 73. Rxc3+ Ka4 74. Rc8 a1=Q+ 75. Kc5 Qc3+ 0-1

[Event "*** Titled Tuesday Blitz"]
[Site "Chess.com"]
[Date "2018.11.06"]
[Round "1"]
[White "Supernotar"]
[Black "Korchmar_Vasiliy"]
[Result "1-0"]
[WhiteElo "2362"]
[BlackElo "2694"]
[TimeControl "180+2"]
[EndTime "13:09:58 PST"]
[Termination "Supernotar won on time"]

1. d4 Nf6 2. c4 g6 3. Nc3 d5 4. cxd5 Nxd5 5. e4 Nxc3 6. bxc3 Bg7 7. Nf3 c5 8. Be3 O-O 9. Qd2 b6 10. Rc1 Bb7 11. d5 e6 12. c4 Nd7 13. Be2 Nf6 14. Qc2 exd5 15. exd5 Re8 16. O-O Ne4 17. Bd3 Nd6 18.
Rfe1 Bc8 19. Bg5 Rxe1+ 20. Rxe1 Bf6 21. Bh6 Bf5 22. h3 Qd7 23. Ne5 Bxe5 24. Rxe5 Bxd3 25.
Qxd3 Re8 26. Qe2 f6 27. Re6 Kf7 28. Rxe8 Qxe8 29. Qg4 Nf5 30. Bd2 Qe5 31. g3 h5 32.
Qd1 Qe4 33. Qa4 Qe7 34. Bc3 h4 35. g4 Nd6 36. Kf1 Ne4 37. Be1 Nd6 38. f3 g5 39.
Bf2 Kg6 40. Qc2+ Kg7 41. Qa4 Nf7 42. Qc6 Ne5 43. Qc8 Nxc4 44. Kg1 Nd6 45. Qc6 Nf7 46. Kg2 Qd6 47. Qa8 c4 48. Qxa7 Qxd5 49. Qxb6 Ne5 50. Qe3 Nd3 51. Qe7+ Kg8 52. Be3 Qc6 53. Bd4 Ne1+ 54.
Kf2 Nxf3 55. Bxf6 1-0